 Dungeon Crawl Stone Soup version 0.31-a0-1-g4198be8af4 (webtiles) character file.

Game seed: 8962916863726080469

50 iamoutofideas the Chopper (level 3, -4/33 HPs)
             Began as a Hill Orc Cinder Acolyte on May 1, 2023.
             Was a High Priest of Ignis.
             Slain by Sigmund
             ... wielding a +0 scythe
              (11 damage)
             ... on level 2 of the Dungeon.
             The game lasted 00:01:40 (1702 turns).

iamoutofideas the Chopper (Hill Orc Cinder Acolyte) Turns: 1702, Time: 00:01:41

Health: -4/33      AC:  5    Str: 18      XL:     3   Next: 79%
Magic:  4/4        EV: 10    Int: 13 (14) God:    Ignis [*****.]
Gold:   77         SH:  0    Dex:  4      Spells: 4/4 levels left

rFire   + . .        a - -1 hand axe (flame)
rCold   x . .        (no shield)
rNeg    . . .        b - +0 ring mail
rPois   .            (no helmet)
rElec   .            (no cloak)
rCorr   .            (no gloves)
SInv    .            (no boots)
Will    .....        (no amulet) Stlth
                     (no ring)
HPRegen 0.25/turn    (no ring)
MPRegen 0.09/turn

%: no passive effects
@: no status effects
A: clumsy 1, deterioration 1, sense surroundings 1, cold vulnerability 1
a: Renounce Religion, Fiery Armour, Foxfire Swarm, Rising Flame


You were on level 2 of the Dungeon.
You worshipped Ignis.
Ignis was extremely pleased with you.
You visited 1 branch of the dungeon, and saw 2 of its levels.

You collected 77 gold pieces.

Inventory:

Hand Weapons
 a - a -1 hand axe of flaming (weapon)
Armour
 b - a +0 ring mail (worn)
 h - a +0 leather armour
Scrolls
 c - a scroll of acquirement {unknown}
 d - a scroll of fear
 f - 2 scrolls of blinking
 g - a scroll of brand weapon {unknown}
Potions
 e - a potion of flight {unknown}


   Skills:
 - Level 4.0 Fighting
 + Level 5.3 Axes
 - Level 0.2 Dodging
 - Level 1.0 Spellcasting
 - Level 3.6 Fire Magic


You had 4 spell levels left.
You didn't know any spells.
Your spell library contained the following spells:

 Spells                   Type           Power      Damage    Failure   Level
 Scorch                   Fire           20%        2d5       17%         2


Dungeon Overview and Level Annotations

Branches:
Dungeon (2/15)

Altars:

Annotations:
D:2 Sigmund


Innate Abilities, Weirdness & Mutations

You are clumsy. (Dex -2)
Your body sometimes deteriorates upon taking damage.
You passively map a small area around you.
You are vulnerable to cold. (rC-)


Message History

You hit the worm. You burn the worm.
The worm is severely wounded.
The worm bites you!
You hit the worm. You burn the worm.
You kill the worm!
No target in view!
You see here a worm corpse.
You start resting.
HP restored.
Found a stone staircase leading down.
No target in view!
Found a stone staircase leading up.
Sigmund the Dreaded comes into view.
He is wielding a +0 scythe.
Sigmund misses you.
Sigmund is nearby!
You hit Sigmund but do no damage. You closely miss Sigmund.
Sigmund drinks a potion.
Sigmund seems to grow stronger.
You hit Sigmund. You burn Sigmund.
Sigmund is lightly wounded.
Sigmund casts a spell at you. The puff of flame misses you.
You barely miss Sigmund.
Sigmund is lightly wounded.
Sigmund hits you with a +0 scythe!
Your body deteriorates!
You feel dopey.
You closely miss Sigmund.
Sigmund is lightly wounded.
Sigmund barely misses you.
You hit Sigmund but do no damage.
Sigmund is lightly wounded.
Sigmund hits you with a +0 scythe!
* * * LOW HITPOINT WARNING * * *
You are too injured to fight recklessly!
You closely miss Sigmund.
Sigmund is lightly wounded.
You hit Sigmund but do no damage.
Sigmund is lightly wounded.
Sigmund hits you with a +0 scythe!
You die...

* * ## .# * #. ... ### #.
#..* #<# * * #.# #..###.#
#.#
##......########.######.#
,.........................
* *
#......@@....##.##.##...
#..###.#####.##.##.##... ,
#....##.##.##.##...
##.................
,.####.#.##.##.##.##...
........##.#†.........
.##>..............#..# ,
#.######.#..##.....#
#...................


You could see Sigmund (strong).

Vanquished Creatures
  A gnoll (D:1)
  A worm (D:2)
  A dart slug (D:1)
  2 endoplasms (D:1)
  A giant cockroach (D:1)
  4 goblins
  5 hobgoblins (D:1)
  4 kobolds
  2 quokkas
  4 ball pythons
  3 bats
  A frilled lizard (D:1)
  3 rats (D:1)
32 creatures vanquished.

Notes
Turn   | Place    | Note
-------+----------+-------------------------------------------
     0 | D:1      | iamoutofideas the Hill Orc Cinder Acolyte began the quest
                  | for the Orb.
     0 | D:1      | Reached XP level 1. HP: 19/19 MP: 2/2
   273 | D:1      | Reached XP level 2. HP: 24/27 MP: 3/3
   719 | D:1      | Gained mutation: You are vulnerable to cold. (rC-) [potion
                  | of mutation]
   719 | D:1      | Gained mutation: You have hidden genetic defects. [potion
                  | of mutation]
   719 | D:1      | Gained mutation: You passively map a small area around you.
                  | [potion of mutation]
   724 | D:1      | Reached XP level 3. HP: 10/33 MP: 4/4
   731 | D:1      | Gained mutation: You are clumsy. (Dex -2) [hidden defects]
  1182 | D:1      | Reached skill level 5 in Axes
  1200 | D:1      | Gained mutation: Your body sometimes deteriorates upon
                  | taking damage. [hidden defects]
  1200 | D:1      | Lost mutation: You have hidden genetic defects. [hidden
                  | defects expressed]
  1693 | D:2      | Noticed Sigmund
  1702 | D:2      | Slain by Sigmund

Illustrated notes

Levels and vault maps discovered:
D:1:      eino_arrival_cavern_e, layout_loops_corners, minmay_misc_feat_columns
D:2:      layout_basic, shapermc_ecumenical_altar_gd,
          kennysheep_generic_room_12, uniq_crazy_yiuf_cottage, uniq_sigmund

Skill      XL: |  1  2  3 |
---------------+----------+-----
Fighting       | 4 |  4.0
Axes           | 5 |  5.3
Dodging        | |  0.2
Spellcasting   | |  1.0
Fire Magic     | |  3.6

Action                     || total
---------------------------++-------
  Melee: Hand axe          ||   126
    Use: Scroll            ||     3
         Potion            ||     2
 Armour: Robe              ||     6
         Skin              ||     2
         Ring mail         ||    31
         Leather armour    ||     1
  Dodge: Dodged            ||    67

Table legend: (Time is in decaauts)
 A = Elapsed time spent in this place.
 B = Non-inter-level travel time spent in this place.
 C = Inter-level travel time spent in this place.
 D = Time resting spent in this place.
 E = Time spent auto-exploring this place.
 F = Levels seen in this place.
 G = Mean time per level.
                   A        B        C        D        E       F      G
               +--------+--------+--------+--------+--------+-----+--------+
         Total |   1710 |   1691 |     19 |    287 |   1108 |   2 |  855.0 |
       Dungeon |   1710 |   1691 |     19 |    287 |   1108 |   2 |  855.0 |
               +--------+--------+--------+--------+--------+-----+--------+

Top non-repeatable levels by time:
     D:1: 1349 daAuts
     D:2: 361 daAuts
